 Dungeon Crawl Stone Soup version 0.31.0-32-g396128a36d (webtiles) character file.

Game seed: 13168707688049653169

11198 TacoSundae the Grappler (level 11, 0/58 HPs)
             Began as a Vine Stalker Shapeshifter on Apr 6, 2024.
             Was a Believer of Makhleb.
             Succumbed to a cane toad's poison
             ... on level 1 of the Lair of Beasts.
             The game lasted 00:43:42 (8413 turns).

TacoSundae the Grappler (Vine Stalker Shapeshifter) Turns: 8413, Time: 00:43:42

Health: 0/58       AC:  7    Str: 19    XL:     11   Next: 74%
Magic:  3/12       EV: 14    Int: 10    God:    Makhleb [**....]
Gold:   1370       SH:  0    Dex: 16    Spells: 10/10 levels left

rFire   + .          .
                       - Unarmed
rCold   + . .        (no shield)
rNeg    . . .        w - +2 ring mail {rC+}
rPois   .            (helmet currently unavailable)
rElec   .            (cloak currently unavailable)
rCorr   .            (gloves currently unavailable)
SInv    .            (boots currently unavailable)
Will    ++...        (no amulet)
Stlth   +            x - ring of willpower
HPRegen 1.09/turn    k - ring of protection from fire
MPRegen 0.13/turn

%: guardian spirit
@: lethally poisoned (0 -> -24), beast-form
A: beast (slay +4), fangs 3, regeneration 1, magic shield, antimagic bite, no
potion heal 2
a: Begin Untransformation, Renounce Religion, Minor Destruction


You were on level 1 of the Lair of Beasts.
You worshipped Makhleb.
Makhleb was pleased with you.
You were a hulking beast.
You visited 3 branches of the dungeon, and saw 12 of its levels.

You collected 1370 gold pieces.

Inventory:

Missiles
 i - 23 poisoned darts
 B - 2 throwing nets (quivered)
Armour
 r - a +0 pair of boots
 w - a +2 ring mail of cold resistance (worn)
Jewellery
 k - a ring of protection from fire (right hand)
 x - a ring of willpower (left hand)
 y - a ring of flight
Talismans
 c - a beast talisman
 d - a flux talisman
 q - a dragon-blood talisman
Wands
 e - a wand of light (4)
 n - a wand of digging (1)
Scrolls
 h - 2 scrolls of vulnerability
 l - 4 scrolls of teleportation
 s - 2 scrolls of fog
 v - a scroll of revelation
 A - a scroll of blinking
 E - 2 scrolls of enchant armour
Potions
 a - 2 potions of might
 b - a potion of lignification
 f - a potion of mutation
 g - a potion of cancellation
 j - a potion of enlightenment
 o - a potion of invisibility
 p - a potion of magic
 t - a potion of resistance
 u - 2 potions of brilliance
 z - 5 potions of curing {unknown}
 D - a potion of degeneration {unknown}


   Skills:
 + Level 6.9 Fighting
 + Level 6.4 Dodging
 + Level 11.9 Unarmed Combat
 + Level 9.3 Shapeshifting


You had 10 spell levels left.
You didn't know any spells.
Your spell library contained the following spells:

 Spells                   Type           Power      Damage    Failure   Level
 Foxfire                  Conj/Fire      0%         2x1d4     54%         1
 Freeze                   Ice            0%         1d3       54%         1
 Magic Dart               Conj           0%         1d3       54%         1
 Lesser Beckoning         Tloc           0%         N/A       69%         2
 Searing Ray              Conj           0%         2d4       69%         2
 Frozen Ramparts          Ice            0%         1d1       89%         3
 Fugue of the Fallen      Necr           0%         N/A       89%         3
 Gell's Gravitas          Tloc           0%         N/A       89%         3
 Hailstorm                Conj/Ice       0%         3d5       89%         3
 Ozocubu's Armour         Ice            0%         N/A       89%         3
 Summon Ice Beast         Ice/Summ       0%         N/A       89%         3
 Teleport Other           Tloc           0%         N/A       89%         3
 Tukima's Dance           Hex            0%         N/A       89%         3
 Volatile Blastmotes      Fire/Tloc      0%         2d10      89%         3
 Anguish                  Hex/Necr       0%         N/A       100%        4
 Cause Fear               Hex            0%         N/A       100%        4
 Dimensional Bullseye     Hex/Tloc       0%         N/A       100%        4
 Fulminant Prism          Conj/Alch      0%         3d5       100%        4
 Iskenderun's Mystic Bla  Conj/Tloc      0%         2d3       100%        4
 Manifold Assault         Tloc           0%         N/A       100%        4
 Sculpt Simulacrum        Ice/Alch       0%         N/A       100%        6
 Enfeeble                 Hex            0%         N/A       100%        7
 Chain Lightning          Conj/Air       0%         N/A       100%        9
 Fire Storm               Conj/Fire      0%         5d1       100%        9
 Shatter                  Erth           0%         3d5*      100%        9


Dungeon Overview and Level Annotations

Branches:
Dungeon (10/15)            Temple (1/1) D:4            Lair (1/5) D:8
    Orc: D:9-12

Altars:
Ashenzari
Cheibriados
Dithmenos
Elyvilon
Fedhas
Gozag
Hepliaklqana
Kikubaaqudgha
Makhleb
Nemelex Xobeh
Okawaru
Qazlal
Ru
Sif Muna
Trog
Uskayaw
Vehumet
Wu Jian
Xom
Yredelemnul
Zin
The Shining One

Annotations:
D:5 2 transporters, flammie80's ghost, weakling FoMo
Lair:1 Jeremiah


Innate Abilities, Weirdness & Mutations

You are a hulking beast.
Your limbs bulge with bestial killing power. (Slay +4)
You have razor-sharp teeth.
Your natural rate of healing is unusually fast.
When hurt, damage is shared between your health and your magic reserves.
Your bite disrupts and absorbs the magic of your enemies.
Potions cannot restore your health.


Message History

You feel very sick.
You punch the cane toad!
The cane toad is almost dead.
The sentinel's mark upon you fades away.
You feel very sick.
You punch the cane toad!
You kill the cane toad!
Makhleb accepts your kill.
You feel better.
You feel very sick.
You punch the cane toad! You bite the cane toad. You drain its power.
The cane toad is moderately wounded.
You feel sick. The cane toad closely misses you.
The bullfrog barely misses you.
You pummel the cane toad!! Your bite misses the cane toad.
The cane toad is almost dead.
You feel sick. The bullfrog closely misses you. The cane toad stings you!
You hit the cane toad but do no damage. Your bite misses the cane toad.
The cane toad is almost dead.
You feel sick. The bullfrog hits you. The cane toad stings you!
You are more poisoned.
The cane toad poisons you!
You hit the cane toad.
The cane toad is almost dead.
You feel very sick.
The bullfrog hits you but does no damage.
The cane toad barely misses you.
You barely miss the cane toad.
The cane toad is almost dead.
You feel very sick. The bullfrog hits you. The cane toad stings you!!
* * * LOW HITPOINT WARNING * * *
You are more poisoned.
The cane toad poisons you!
Okay, then.
Unknown command.
As you read the scroll of fear, it crumbles to dust.
You assume a fearsome visage.
The cane toad looks frightened!
The bullfrog looks frightened!
You die...

#...#
#..........b............
#....
###.........Fb.........##
#.............F........#
............bF..........#
........##P##bF.........##
........####†##...###†...#
##.......##.###...###...##
#..##....F## #..###P....#
# .. ###..Fh##...# ###..##
# #...).#...# #..P# #
#.##.......#####...### #.#
###..............## ##
#..##............ ..#
##...####... .## #... ###.
.# #... #. ### ##


You could see a cane toad (fleeing) and a bullfrog (fleeing).

Vanquished Creatures
  Urug (D:8)
  2 cane toads (Lair:1)
  A torpor snail (Lair:1)
  3 komodo dragons
  Prince Ribbit (D:8)
  3 dream sheep (Lair:1)
  A wraith (D:9)
  4 wyverns
  13 yaks
  A steam dragon (D:7)
  An acid dragon (D:6)
  5 water moccasins
  2 ice beasts
  2 sky beasts
  2 ogres
  4 centaurs
  3 phantoms
  2 kobold brigands
  10 bullfrogs
  A gnoll sergeant (D:9)
  4 scorpions
  17 wights
  11 killer bees
  A howler monkey (D:8)
  2 bombardier beetles
  4 hounds
  8 orc priests
  3 gnoll boudas
  2 jellies (D:4)
  3 iguanas
  12 orc wizards
  19 gnolls
  6 adders
  3 shadow imps
  3 white imps
  2 dart slugs
  4 ribbon worms
  19 orcs
  13 endoplasms
  3 giant cockroaches
  8 hobgoblins
  8 jackals
  3 quokkas
  A ball python (D:3)
  7 bats
  2 frilled lizards
  8 goblins
  20 kobolds
  7 rats
265 creatures vanquished.

Vanquished Creatures (others)
  An orc wizard (D:5)
1 creature vanquished.

Grand Total: 266 creatures vanquished

Notes
Turn   | Place    | Note
-------+----------+-------------------------------------------
     0 | D:1      | TacoSundae the Vine Stalker Shapeshifter began the quest
                  | for the Orb.
     0 | D:1      | Reached XP level 1. HP: 9/9 MP: 2/2
   233 | D:1      | Reached XP level 2. HP: 14/14 MP: 3/3
   727 | D:2      | Reached XP level 3. HP: 12/17 MP: 4/4
   974 | D:2      | Found a faded altar of an unknown god.
   982 | D:2      | Got Plato's Spellbook of Causimancy
  1178 | D:3      | Reached skill level 4 in Unarmed Combat
  1237 | D:3      | Reached XP level 4. HP: 21/21 MP: 5/5
  1812 | D:3      | Found an opulent altar of Gozag.
  1832 | D:3      | Found a sparkling altar of Nemelex Xobeh.
  1999 | D:4      | Noticed a scorpion
  2004 | D:4      | Killed a scorpion
  2005 | D:4      | Reached XP level 5. HP: 19/25 MP: 4/6
  2040 | D:4      | Noticed a phantom
  2248 | D:4      | Killed a phantom
  2249 | D:4      | Reached skill level 5 in Unarmed Combat
  2249 | D:4      | Reached XP level 6. HP: 23/29 MP: 7/7
  2296 | D:4      | Noticed an ice beast
  2315 | D:4      | Killed an ice beast
  2328 | D:4      | Reached skill level 6 in Unarmed Combat
  2411 | D:4      | Reached XP level 7. HP: 28/32 MP: 8/8
  2447 | D:4      | Reached skill level 5 in Shapeshifting
  2664 | D:4      | Reached skill level 7 in Unarmed Combat
  2819 | D:4      | Found an iron altar of Okawaru.
  2870 | D:4      | Found a staircase to the Ecumenical Temple.
  2876 | Temple   | Entered the Ecumenical Temple
  3006 | D:5      | Entered Level 5 of the Dungeon
  3132 | D:5      | Found a transporter.
  3205 | D:5      | Noticed flammie80's ghost (weakling FoMo)
  3207 | D:5      | Found a transporter.
  3250 | D:5      | Gained mutation: You have razor-sharp teeth. [Vine Stalker
                  | growth]
  3250 | D:5      | Reached XP level 8. HP: 37/37 MP: 9/9
  3540 | D:5      | Reached skill level 8 in Unarmed Combat
  3699 | D:5      | Reached skill level 1 in Fighting
  3934 | D:6      | Found a shimmering blue altar of Sif Muna.
  4305 | D:6      | Reached skill level 9 in Unarmed Combat
  4360 | D:6      | Found a stormy altar of Qazlal.
  4415 | D:6      | Found a radiant altar of Vehumet.
  4532 | D:6      | Reached XP level 9. HP: 39/42 MP: 7/10
  4831 | D:6      | Found an ornate altar of the Wu Jian Council.
  5122 | D:7      | Reached skill level 10 in Unarmed Combat
  5205 | D:7      | Identified a scroll of acquirement
  5205 | D:7      | Acquired 935 gold pieces
  5445 | D:8      | Noticed a komodo dragon
  5542 | D:8      | Reached XP level 10. HP: 37/49 MP: 8/11
  6010 | D:8      | Found a staircase to the Lair.
  6217 | D:8      | Found a hazy altar of Hepliaklqana.
  6217 | D:8      | Found a burning altar of Makhleb.
  6221 | D:8      | Found a glowing silver altar of Zin.
  6266 | D:8      | Reached skill level 5 in Fighting
  6301 | D:8      | Found a glowing golden altar of the Shining One.
  6324 | D:8      | Found a snail-covered altar of Cheibriados.
  6338 | D:8      | Became a worshipper of Makhleb the Destroyer
  6553 | D:9      | Found a white marble altar of Elyvilon.
  6615 | D:9      | Noticed Prince Ribbit
  6632 | D:8      | Killed Prince Ribbit
  6660 | D:9      | Reached skill level 5 in Dodging
  6705 | D:9      | Reached skill level 11 in Unarmed Combat
  7136 | D:9      | Reached * piety under Makhleb
  7137 | D:9      | Reached XP level 11. HP: 56/56 MP: 12/12
  7676 | D:9      | Found a broken altar of Ashenzari.
  7712 | D:9      | Found a bloodstained altar of Trog.
  7750 | D:10     | Entered Level 10 of the Dungeon
  7750 | D:10     | Found a blossoming altar of Fedhas.
  7924 | Lair:1   | Entered Level 1 of the Lair of Beasts
  7924 | Lair:1   | Noticed Urug
  7971 | D:8      | Killed Urug
  8017 | Lair:1   | Identified the +3 ring mail of the Turtledove {Int+3}
  8182 | Lair:1   | Reached ** piety under Makhleb
  8391 | Lair:1   | Noticed Jeremiah
  8413 | Lair:1   | Succumbed to a cane toad's poison

Illustrated notes

Levels and vault maps discovered:
D:1:      lightli_arrival_statue_moat, layout_basic
D:2:      layout_basic, shapermc_ecumenical_altar_rom_forum
D:3:      layout_loops_cross, grunt_temple_overflow_opulence,
          nicolae_elevator_lobby_asterisk
D:4:      minmay_skewed_foursquare, layout_rooms, okawaru_metal_pillars_1_2,
          minmay_temple_entry_hall, minmay_a_box_with_orc_wizards_in_it
D:5:      layout_basic, gammafunk_ghost_arena
D:6:      minmay_clustersquares, layout_basic, nzn_wu_jian_council_hall,
          mainiacjoe_overflow_paths, mainiacjoe_overflow_alcove_4,
          marbit_many_paths, minmay_door_square, amcnicky_mini_corridor_feature,
          st_stairs_5
D:7:      layout_basic, nrook_campfire, grunt_ministairs_3
D:8:      layout_basic, nicolae_overflow_hidden_temple,
          grunt_lair_entry_orc_guard_hut, dreamdust_princess_corridor,
          minmay_increasing_density
D:9:      layout_loops_ring, nicolae_overflow_crystal_walls,
          mainiacjoe_overflow_swirl, uniq_prince_ribbit1
D:10:     layout_long_grid, overflow_temple_1_default, special_room
          [special_room_orc], uniq_joseph
Temple:   hellmonk_temple_micro_hex
Lair:1:   layout_layer_cave, uniq_jeremiah, uniq_urug

Skill      XL: |  1  2  3  4  5  6  7  8  9 10 11 |
---------------+----------------------------------+-----
Unarmed Combat | 4 5 6 7 9 10 11 | 11.9
Shapeshifting  | 4 5 6 7 8 9 |  9.3
Fighting       | 2 4 5 6 |  6.9
Dodging        | 2 4 5 6 |  6.4

Action                     |  1- 3 |  4- 6 |  7- 9 | 10-12 || total
---------------------------+-------+-------+-------+-------++-------
  Melee: Unarmed           |    88 |   100 |   251 |   297 ||   736
         Bite              |    18 |    23 |    62 |    98 ||   201
         Punch             |     2 |     4 |    12 |    21 ||    39
  Throw: Dart              |       |       |    11 |       ||    11
         Throwing net      |       |       |       |     1 ||     1
  Evoke: Wand              |       |       |     1 |     6 ||     7
    Use: Scroll            |       |    12 |     8 |     8 ||    28
         Potion            |       |     1 |     1 |     2 ||     4
   Stab: Sleeping          |       |     1 |       |       ||     1
         Distracted        |       |     1 |       |       ||     1
         Invisible         |       |     1 |     1 |     2 ||     4
         Held in net/web   |       |       |       |     2 ||     2
 Armour: Leather armour    |    27 |    53 |    58 |       ||   138
         Animal skin       |     2 |       |       |       ||     2
         Skin              |       |       |     4 |       ||     4
         Ring mail         |       |       |    87 |   139 ||   226
  Dodge: Dodged            |    37 |    35 |    85 |   143 ||   300
